 Dungeon Crawl Stone Soup version 0.32-a0-607-g64ea0e4219 (webtiles) character file.

Game seed: 13982510419720668583

7170 cforsyth the Scholar of Death (level 10, -29/139 HPs)
             Began as a Mountain Dwarf Necromancer on Mar 3, 2024.
             Was a Follower of Kikubaaqudgha.
             Annihilated by Gastronok (32 damage)
             ... on level 11 of the Dungeon.
             The game lasted 00:28:02 (14762 turns).

cforsyth the Scholar of Death (MDNe)               Turns: 14762, Time: 00:28:03

Health: -29/139    AC: 16    Str: 13    XL:     10   Next: 86%
Magic:  12/12      EV:  9    Int: 27    God:    Kikubaaqudgha [*.....]
Gold:   520        SH:  0    Dex: 10    Spells: 7/12 levels left

rFire   + . .        Q - +0 battleaxe
rCold   + . .        (shield currently unavailable)
rNeg    . . .        x - +0 plate armour
rPois   .            m - +0 helmet
rElec   .            p - scarf {rC+ rF+}
rCorr   .            (no gloves)
SInv    .            r - +0 pair of boots
Will    ++...        k - amulet of Ephemeral Luck {Will+ Regen+ Int+3} Stlth
                     E - +5 ring of evasion
HPRegen 1.23/turn    I - +6 ring of intelligence
MPRegen 0.13/turn

%: no passive effects
@: berserking, very quick
A: runic magic, artefact enchanting
a: Renounce Religion, Unearth Wretches


You were on level 11 of the Dungeon.
You worshipped Kikubaaqudgha.
Kikubaaqudgha was aware of your devotion.
You visited 2 branches of the dungeon, and saw 12 of its levels.

You collected 575 gold pieces.
You spent 55 gold pieces at shops.


Innate Abilities, Weirdness & Mutations

Your spellcasting is much less encumbered by armour.
You can use scrolls of enchantment on lesser artefacts.


   Skills:
 + Level 10.0 Fighting
 + Level 7.8 Axes
 + Level 9.1 Armour
 - Level 1.3 Dodging
 - Level 1.4 Stealth
 - Level 1.7 Spellcasting
 + Level 10.9 Necromancy


You had 7 spell levels left.
You knew the following spells:

 Your Spells              Type           Power      Damage    Failure   Level
a - Animate Dead          Necr           57%        N/A       3%          4
X - Necrotise             Necr           100%       1d9       1%          1

Your spell library contained the following spells:

 Spells                   Type           Power      Damage    Failure   Level
 Fugue of the Fallen      Necr           57%        N/A       1%          3
 Vampiric Draining        Necr           57%        2d10      1%          3
 Kiss of Death            Conj/Necr      100%       2d13      3%          1
 Curse of Agony           Necr           57%        N/A       9%          5
 Cigotuvi's Dreadful Rot  Necr/Alch/Air  44%        N/A       10%         2
 Foxfire                  Conj/Fire      8%         2x1d4     28%         1
 Martyr's Knell           Necr/Summ      32%        N/A       28%         4
 Mercury Vapours          Alch/Air       4%         N/A       38%         2
 Scorch                   Fire           4%         2d5       38%         2
 Mephitic Cloud           Conj/Alch/Air  2%         N/A       63%         3
 Flame Wave               Conj/Fire      2%         2d4       95%         4
 Ignite Poison            Fire/Alch      2%         N/A       95%         4
 Sticky Flame             Fire/Alch      2%         2d4       95%         4
 Vhi's Electric Charge    Tloc/Air       4%         N/A       95%         4
 Arcjolt                  Conj/Air       1%         1d11      100%        5
 Freezing Cloud           Conj/Ice/Air   1%         6-21      100%        5
 Plasma Beam              Fire/Air       1%         2x1d11    100%        6
 Starburst                Conj/Fire      1%         6d3       100%        6
 Summon Cactus Giant      Summ           1%         N/A       100%        6
 Ignition                 Fire           1%         3d3       100%        8

Inventory:

Hand Weapons
 d - the +1 dagger of Honico {pain, rC+ rN+ Will+ Str+3}
   (You found it on level 7 of the Dungeon)

   Str+3:     It affects your strength (+3).
   rC+:       It protects you from cold.
   rN+:       It protects you from negative energy.
   Will+:     It increases your willpower.
 e - a +0 hand axe
 f - a +0 war axe
 y - a +5 dagger
 Q - a +0 battleaxe (weapon)
Armour
 m - a +0 helmet (worn)
 p - a scarf of resistance (worn)
 r - a +0 pair of boots (worn)
 t - a +0 ring mail
 x - a +0 plate armour (worn)
Magical Staves
 J - a staff of air {!a}
Jewellery
 i - a +6 ring of intelligence
 k - the amulet of Ephemeral Luck (around neck) {Will+ Regen+ Int+3}
   (You acquired it on level 4 of the Dungeon)

   [amulet of regeneration]

   Int+3:     It affects your intelligence (+3).
   Will+:     It increases your willpower.
   Regen+:    It increases your rate of health regeneration.
 D - a +6 ring of dexterity
 E - a +5 ring of evasion (left hand)
 I - a +6 ring of intelligence (right hand)
 N - a ring of positive energy
 R - a ring of resist corrosion
 W - a ring of willpower
Wands
 j - a wand of polymorph (3)
 v - a wand of roots (1)
 H - a wand of digging (7)
 K - a wand of paralysis (5)
Scrolls
 a - a scroll of enchant armour
 g - 3 scrolls of enchant weapon {unknown}
 h - 2 scrolls of fog
 o - a scroll of blinking
 s - 2 scrolls of fear
 w - 3 scrolls of brand weapon
 F - 2 scrolls of teleportation {@r2}
 G - 2 scrolls of poison {unknown}
 O - a scroll of summoning
Potions
 b - 2 potions of magic
 c - a potion of brilliance
 l - 4 potions of curing {@q1}
 n - 2 potions of degeneration
 u - 2 potions of lignification
 z - a potion of haste {@q3}
 A - 2 potions of resistance
 C - a potion of attraction {unknown}
 L - a potion of invisibility
 M - 2 potions of enlightenment {unknown}
 P - 2 potions of mutation {unknown}

Dungeon Overview and Level Annotations

Branches:
Dungeon (11/15)            Temple (1/1) D:7            Lair (0/5) D:9
    Orc: D:9-12

Altars:
Ashenzari
Cheibriados
Dithmenos
Elyvilon
Fedhas
Gozag
Hepliaklqana
Kikubaaqudgha
Makhleb
Nemelex Xobeh
Okawaru
Qazlal
Ru
Sif Muna
Trog
Uskayaw
Vehumet
Wu Jian
Xom
Yredelemnul
Zin
The Shining One

Shops:
D:3 ((?

Annotations:
D:7 2 transporters
D:11 Gastronok

# .# ## ###.### .#####
....... .(...## .......
.###..############.......
.# ##...........@w.......
.# ##############.......
.# ....... .# .w..... ##
....... ....... #######


You could see Gastronok.


Message History

Okay, then.
Unknown command.
Okay, then.
Unknown command.
You feel better. Gastronok barely misses you.
Unknown command.
You completely miss Gastronok.
Gastronok is heavily wounded.
Unknown command.
Unknown command.
You slash Gastronok!
Gastronok is severely wounded.
Gastronok wobbles crazily.
Unknown command.
Unknown command.
You slice Gastronok!!
Gastronok is severely wounded.
Unknown command.
Unknown command.
You hit Gastronok.
Gastronok is severely wounded.
Gastronok bites you!!
* * * LOW HITPOINT WARNING * * *
Unknown command.
Unknown command.
A red film seems to cover your vision as you go berserk!
You feel yourself moving faster!
You feel mighty! Gastronok bites you!!
You die...
Gastronok gurgles, "About time.
I'm starving!"
Kikubaaqudgha rasps: You have failed me!
Welcome... death!

Skill      XL: |  1  2  3  4  5  6  7  8  9 10 |
---------------+-------------------------------+-----
Fighting       | 1 2 3 4 5 6 7 8 10 | 10.0
Necromancy     | 5 6 7 9 10 | 10.9
Armour         | 1 3 4 6 7 9 |  9.1
Axes           | 3 5 7 |  7.8
Dodging        | |  1.3
Stealth        | |  1.4
Spellcasting   | |  1.7

Action                     |  1- 3 |  4- 6 |  7- 9 | 10-12 || total
---------------------------+-------+-------+-------+-------++-------
  Melee: Hand axe          |     3 |    22 |       |       ||    25
         War axe           |       |    21 |   303 |   303 ||   627
         Battleaxe         |       |       |       |    54 ||    54
   Cast: Necrotise         |    74 |    96 |   142 |     4 ||   316
         Animate Dead      |       |       |     3 |     6 ||     9
 Invoke: Unearth Wretches  |       |       |       |     2 ||     2
  Evoke: Wand              |       |       |     4 |     9 ||    13
    Use: Potion            |       |     4 |       |     2 ||     6
         Scroll            |       |     2 |    10 |     1 ||    13
   Stab: Invisible         |       |     1 |       |       ||     1
         Distracted        |       |       |     2 |     1 ||     3
         Paralysed         |       |       |       |    13 ||    13
 Armour: Robe              |    13 |    11 |       |       ||    24
         Skin              |       |    17 |       |       ||    17
         Leather armour    |       |    22 |       |       ||    22
         Ring mail         |       |    13 |    62 |       ||    75
         Plate armour      |       |       |   416 |   403 ||   819
  Dodge: Dodged            |    10 |    35 |   294 |   184 ||   523

Levels and vault maps discovered:
D:1:      nicolae_arrival_washed_ashore, layout_basic
D:2:      minmay_evil_eye, layout_basic
D:3:      layout_loops_cross, serial_shops, nicolae_shop_tiny_real_fake_doors,
          shop, nicolae_shop_hallway_plus, grunt_ministairs_12
D:4:      layout_cave_pods, minmay_vboxes, uniq_grinder
D:5:      layout_cave_pools, minmay_misc_feat_chi, minmay_statues_item,
          bh_walls_and_bars, uniq_edmund, uniq_sigmund, uniq_ijyb
D:6:      layout_cave_pools, grunt_temple_overflow_holy_war,
          nicolae_letterblocks [nicolae_letter_subblock,
          nicolae_letter_subblock, nicolae_letter_subblock,
          nicolae_letter_subblock, nicolae_letter_subblock,
          nicolae_letter_subblock, nicolae_letter_subblock,
          nicolae_letter_subblock, nicolae_letter_subblock,
          nicolae_letter_subblock, nicolae_letter_subblock,
          nicolae_letter_subblock, nicolae_letter_subblock,
          nicolae_letter_subblock, nicolae_letter_subblock,
          nicolae_letter_subblock, nicolae_letter_subblock,
          nicolae_letter_subblock, nicolae_letter_subblock,
          nicolae_letter_subblock, nicolae_letter_subblock,
          nicolae_letter_subblock, nicolae_letter_subblock,
          nicolae_letter_subblock, nicolae_letter_subblock]
D:7:      wad_river_or_something, layout_loops_ring,
          nicolae_qazlal_scattered_showers, gammafunk_temple_overflow_arena,
          minmay_temple_entry_butterflies, dilly_guarded_unrand_morg
D:8:      layout_basic, okawaru_gym_becter, dreamdust_mushroom_princess
D:9:      layout_loops_cross, old_standard_altar, dpeg_oklobed_lair
D:10:     layout_rooms, minmay_lindwurm_lava
D:11:     layout_roguey, yredelemnul_forgotten_temple_becter, uniq_harold,
          uniq_snorg, uniq_gastronok
Temple:   minmay_temple_curvy_branch

Notes
Turn   | Place    | Note
-------+----------+-------------------------------------------
     0 | D:1      | cforsyth the Mountain Dwarf Necromancer began the quest for
                  | the Orb.
     0 | D:1      | Reached XP level 1. HP: 14/14 MP: 3/3
   261 | D:1      | Reached skill level 1 in Fighting
   331 | D:1      | Reached XP level 2. HP: 23/23 MP: 1/4
  1014 | D:1      | Reached skill level 2 in Fighting
  1294 | D:2      | Reached skill level 5 in Necromancy
  1294 | D:2      | Reached XP level 3. HP: 29/29 MP: 0/5
  1916 | D:2      | Reached XP level 4. HP: 37/37 MP: 4/6
  2410 | D:3      | Reached skill level 3 in Fighting
  2554 | D:3      | Found Acokysh's Antique Weapon Emporium.
  2601 | D:3      | Found Jumahin's Weapon Shop.
  2627 | D:3      | Found Qeinuuma's Magic Scroll Shop.
  2651 | D:3      | Bought a scroll of teleportation for 33 gold pieces
  2651 | D:3      | Bought a scroll of identify for 22 gold pieces
  3213 | D:3      | Found Jumahin's Weapon Shop.
  3533 | D:3      | Found Acokysh's Antique Weapon Emporium.
  3709 | D:3      | Found Qeinuuma's Magic Scroll Shop.
  3806 | D:4      | Reached XP level 5. HP: 45/45 MP: 3/7
  3964 | D:4      | Reached skill level 6 in Necromancy
  4121 | D:4      | Noticed Grinder
  4164 | D:4      | Paralysed by Grinder for 2 turns
  4174 | D:4      | Paralysed by Grinder for 2 turns
  4176 | D:4      | Identified a scroll of acquirement
  4176 | D:4      | Acquired the amulet of Ephemeral Luck {Will+ Regen+ Int+3}
  4187 | D:4      | Paralysed by Grinder for 3 turns
  4192 | D:4      | HP: 3/46 [Grinder/nerve-wracking pain (7)]
  4576 | D:4      | Paralysed by Grinder for 2 turns
  4985 | D:4      | Noticed an ogre
  5000 | D:4      | Killed an ogre
  5001 | D:4      | Reached skill level 4 in Fighting
  5001 | D:4      | Reached skill level 1 in Armour
  5001 | D:4      | Reached XP level 6. HP: 32/52 MP: 3/8
  5239 | D:4      | Identified a scarf of resistance
  5710 | D:5      | Entered Level 5 of the Dungeon
  5816 | D:5      | Reached skill level 2 in Armour
  6069 | D:5      | Reached skill level 5 in Fighting
  6069 | D:5      | Reached skill level 3 in Armour
  6069 | D:5      | Reached XP level 7. HP: 53/61 MP: 1/9
  6158 | D:5      | Noticed Edmund
  6224 | D:5      | Noticed Sigmund
  6252 | D:5      | Killed Sigmund
  6253 | D:5      | Reached skill level 7 in Necromancy
  6477 | D:5      | Noticed Ijyb
  6491 | D:5      | Killed Ijyb
  6528 | D:5      | Reached skill level 4 in Armour
  6760 | D:6      | Reached skill level 6 in Fighting
  7124 | D:6      | Reached XP level 8. HP: 70/70 MP: 7/10
  7293 | D:6      | Reached skill level 5 in Armour
  7293 | D:6      | Reached skill level 8 in Necromancy
  7569 | D:6      | Found a glowing golden altar of the Shining One.
  7571 | D:6      | Noticed an angel
  7582 | D:6      | Found a basalt altar of Yredelemnul.
  7997 | D:7      | Learned a level 4 spell: Animate Dead
  8109 | D:7      | Reached skill level 1 in Axes
  8207 | D:7      | Reached skill level 7 in Fighting
  8288 | D:7      | Found a stormy altar of Qazlal.
  8332 | D:7      | Noticed a centaur warrior
  8333 | D:7      | Found a transporter.
  8334 | D:7      | Found a glowing silver altar of Zin.
  8335 | D:7      | Found a transporter.
  8335 | D:7      | Found a snail-covered altar of Cheibriados.
  8336 | D:7      | Found a staircase to the Ecumenical Temple.
  8374 | Temple   | Entered the Ecumenical Temple
  8400 | Temple   | Became a worshipper of Kikubaaqudgha
  8485 | D:7      | Reached skill level 2 in Axes
  8519 | D:7      | Reached skill level 6 in Armour
  8540 | D:7      | Identified the +2 leather armour of the Great Game {Harm
                  | Rampage Int-4 Stlth-}
  8707 | D:7      | Found an ornate altar of the Wu Jian Council.
  8840 | D:7      | Reached skill level 3 in Axes
  8840 | D:7      | Reached skill level 9 in Necromancy
  8840 | D:7      | Reached XP level 9. HP: 55/80 MP: 11/11
  9208 | D:7      | Identified the +1 dagger of Honico {pain, rC+ rN+ Will+
                  | Str+3}
  9482 | D:8      | Reached skill level 4 in Axes
  9500 | D:8      | Reached skill level 8 in Fighting
  9707 | D:8      | Reached skill level 7 in Armour
  9735 | D:8      | You fall into a shaft and drop 1 floor!
  9789 | D:9      | Reached skill level 5 in Axes
  9844 | D:9      | Found a white marble altar of Elyvilon.
  9896 | D:9      | Reached * piety under Kikubaaqudgha
  9896 | D:9      | Received a gift from Kikubaaqudgha
 10100 | D:9      | Found a staircase to the Lair.
 10287 | D:9      | Paralysed by a centaur for 4 turns
 10343 | D:8      | Found an iron altar of Okawaru.
 11223 | D:7      | Reached XP level 10. HP: 81/83 MP: 7/12
 11373 | D:7      | Reached skill level 10 in Necromancy
 11448 | D:7      | Reached skill level 6 in Axes
 11454 | D:7      | Reached skill level 9 in Fighting
 11651 | D:7      | Reached skill level 8 in Armour
 11912 | D:5      | Killed Edmund
 12237 | D:4      | Killed Grinder
 13026 | D:10     | Entered Level 10 of the Dungeon
 13299 | D:10     | Identified 2 potions of resistance
 13523 | D:10     | Noticed a lindwurm
 13587 | D:10     | Reached skill level 7 in Axes
 13736 | D:10     | Noticed a lindwurm
 13738 | D:10     | Noticed a lindwurm
 13741 | D:10     | Noticed a lindwurm
 13961 | D:11     | Noticed a boulder beetle
 14387 | D:11     | Found a basalt altar of Yredelemnul.
 14642 | D:11     | Noticed a cyclops
 14654 | D:11     | Killed a cyclops
 14740 | D:11     | Noticed Gastronok
 14749 | D:11     | Killed a boulder beetle
 14750 | D:11     | Reached skill level 10 in Fighting
 14750 | D:11     | Reached skill level 9 in Armour
 14761 | D:11     | HP: 1/93 [Gastronok (27)]
 14762 | D:11     | Annihilated by Gastronok

Vanquished Creatures
  A boulder beetle (D:11)
  A cyclops (D:11)
  An unseen horror zombie (D:7)
  Grinder (D:4)
  Sigmund (D:5)
  4 wyverns
  3 vampire mosquitoes (D:10)
  4 steam dragons
  Edmund (D:5)
  An acid dragon (D:9)
  3 water moccasins
  2 orc warriors
  A black bear (D:6)
  2 sky beasts (D:7)
  2 ogres
  4 centaurs
  A phantom (D:7)
  2 kobold brigands (D:6)
  3 weeping skulls
  7 bullfrogs
  A scorpion (D:6)
  9 wights (D:7)
  A water moccasin skeleton (D:7)
  A killer bee (D:11)
  2 electric eels (D:7)
  4 howler monkeys
  5 hounds
  2 orc priests
  A gnoll bouda (D:7)
  2 iguanas
  A sleepcap (D:5)
  Ijyb (D:5)
  6 orc wizards
  A centaur simulacrum (D:7)
  A bullfrog simulacrum (D:7)
  8 gnolls
  6 adders
  A shadow imp (D:6)
  2 white imps
  2 ufetubi (D:7)
  2 dart slugs (D:1)
  12 orcs
  11 endoplasms
  3 giant cockroaches
  12 goblins
  8 hobgoblins
  3 quokkas
  7 ball pythons
  6 bats
  6 frilled lizards
  13 kobolds
  3 rats (D:2)
  A spectral orc (D:11)
  A butterfly (D:7)
190 creatures vanquished.

Vanquished Creatures (collateral kills)
  A centaur (D:8)
  An orc priest (D:10)
  4 orcs
6 creatures vanquished.

Vanquished Creatures (others)
  3 wyvern zombies
  A bullfrog zombie (D:7)
  A centaur zombie (D:8)
  A hound (D:10)
  An orc wizard (D:7)
  A howler monkey zombie (D:7)
  3 orc zombies
  A gnoll zombie (D:7)
  A dart slug (D:10)
  A bat (D:11)
  A bat zombie (D:11)
  A dart slug zombie (D:10)
  A hobgoblin zombie (D:11)
  A kobold zombie (D:11)
18 creatures vanquished.

Grand Total: 214 creatures vanquished

Table legend: (Time is in decaauts)
 A = Elapsed time spent in this place.
 B = Non-inter-level travel time spent in this place.
 C = Inter-level travel time spent in this place.
 D = Time resting spent in this place.
 E = Time spent auto-exploring this place.
 F = Levels seen in this place.
 G = Mean time per level.
                   A        B        C        D        E       F      G
               +--------+--------+--------+--------+--------+-----+--------+
         Total |  14973 |  13905 |   1068 |   1772 |   9267 |  12 | 1247.8 |
       Dungeon |  14922 |  13904 |   1018 |   1772 |   9267 |  11 | 1356.5 |
        Temple |     51 |      1 |     50 |      0 |      0 |   1 |   51.0 |
               +--------+--------+--------+--------+--------+-----+--------+

Top non-repeatable levels by time:
     D:4: 2482 daAuts
     D:7: 2319 daAuts
     D:3: 1702 daAuts
    D:10: 1292 daAuts
     D:1: 1283 daAuts
     D:5: 1214 daAuts
     D:6: 1172 daAuts
     D:8: 1164 daAuts
     D:2: 1102 daAuts
     D:9: 701 daAuts
    D:11: 485 daAuts
  Temple: 51 daAuts

Table legend:
 A = Non-vault XP
 B = Vault XP
 C = Vault XP percentage of total XP
 D = Non-vault monster count
 E = Vault monster count
 F = Vault count percentage of total count
                 A         B        C        D         E       F
            +---------+---------+-------+---------+---------+-------
      Total |    7672 |    2571 |  25.1 |     158 |      36 |  18.6
            +---------+---------+-------+---------+---------+-------
        D:1 |      40 |       0 |   0.0 |      24 |       0 |   0.0
        D:2 |      50 |      16 |  24.2 |      18 |       3 |  14.3
        D:3 |      52 |       4 |   7.1 |      10 |       2 |  16.7
        D:4 |     275 |     314 |  53.3 |      16 |       8 |  33.3
        D:5 |     475 |     445 |  48.4 |       9 |       3 |  25.0
        D:6 |     732 |       0 |   0.0 |      20 |       0 |   0.0
        D:7 |    1174 |    1692 |  59.0 |      18 |      18 |  50.0
        D:8 |    1024 |       0 |   0.0 |      10 |       0 |   0.0
        D:9 |     705 |       0 |   0.0 |       9 |       0 |   0.0
       D:10 |    1685 |       0 |   0.0 |      18 |       0 |   0.0
       D:11 |    1460 |     100 |   6.4 |       6 |       2 |  25.0
            +---------+---------+-------+---------+---------+-------
